PCL
LANSING LUGNUTS @ LAS VEGAS STARS
09/08/2023
 
TOP OF THE 1ST
Lansing Lugnuts batting - Pitching for Las Vegas Stars : RHP Tim Harmon
Pitching: RHP Tim Harmon
Batting: LHB Jeffrey Satterley 0-0: Ground out 6-3 (Groundball, 6)
Batting: RHB Jim Tracy 0-0: Ball
1-0: Foul Ball, location: 2F
1-1: Ground out 3-1 (Groundball, 3L)
Batting: RHB Gilberto López 0-0: Called Strike
0-1: Foul Ball, location: 2F
0-2: Ball
1-2: Foul Ball, location: 2F
1-2: Ball
2-2: Foul Ball, location: 2F
2-2: Ball
3-2: Fly out, F9 (Flyball, 89S)
Top of the 1st over - 0 run(s), 0 hit(s), 0 error(s), 0 left on base; Lansing 0 - Las Vegas 0
BOTTOM OF THE 1ST
Las Vegas Stars batting - Pitching for Lansing Lugnuts : LHP Steve Haynes
Pitching: LHP Steve Haynes
Batting: RHB Orlando García 0-0: Ground out 1-3 (Groundball, 13)
Batting: RHB Ron Shelton 0-0: Foul Ball, location: 2F
0-1: Ball
1-1: Ball
2-1: Ball
3-1: DOUBLE (Line Drive, 9LM)
Batting: RHB Jeremy Atkins 0-0: Called Strike
0-1: Ball
1-1: Swinging Strike
1-2: Ball
2-2: Strikes out looking
Batting: LHB Evan Slootweg 0-0: Called Strike
0-1: Fly out, F6 (Popup, 6D)
Bottom of the 1st over - 0 run(s), 1 hit(s), 0 error(s), 1 left on base; Lansing 0 - Las Vegas 0
TOP OF THE 2ND
Lansing Lugnuts batting - Pitching for Las Vegas Stars : RHP Tim Harmon
Batting: RHB Júlio Caraballo 0-0: Called Strike
0-1: Ball
1-1: Ball
2-1: Called Strike
2-2: Foul Ball, location: 2F
2-2: Ball
3-2: Base on Balls
Batting: RHB Taki Chikafuji 0-0: Grounds into double play, 4-6-3 (Groundball, 4)
Batting: LHB Raúl Acevedo 0-0: Foul Ball, location: 2F
0-1: Swinging Strike
0-2: Strikes out swinging
Top of the 2nd over - 0 run(s), 0 hit(s), 0 error(s), 0 left on base; Lansing 0 - Las Vegas 0
BOTTOM OF THE 2ND
Las Vegas Stars batting - Pitching for Lansing Lugnuts : LHP Steve Haynes
Batting: SHB Santiago Farías 0-0: Ball
1-0: Foul Ball, location: 2F
1-1: Ball
2-1: Ball
3-1: SINGLE (Line Drive, 3)
Batting: LHB Eliot Helen 0-0: Ball
1-0: Called Strike
1-1: Ball
2-1: Fly out, F7 (Flyball, 78M)
Batting: LHB Juan Cabañas 0-0: Ball
1-0: Fly out, F4 (Line Drive, 4)
Batting: RHB Tae-kwon Kwon 0-0: Called Strike
0-1: Ball
1-1: Ball
2-1: Ball
3-1: Fielders Choice at 2nd, 5-4 (Groundball, 5)
Bottom of the 2nd over - 0 run(s), 1 hit(s), 0 error(s), 0 left on base; Lansing 0 - Las Vegas 0
TOP OF THE 3RD
Lansing Lugnuts batting - Pitching for Las Vegas Stars : RHP Tim Harmon
Batting: RHB Rafael González 0-0: Ball
1-0: Ball
2-0: Foul Ball, location: 2F
2-1: Ball
3-1: Foul Ball, location: 2F
3-2: DOUBLE (Flyball, 7LM)
Batting: RHB Yasuoka Tanaka 0-0: Ball
1-0: 2-RUN HOME RUN (Flyball, 78XD), Distance : 399 ft
Batting: RHB Gordon Langley 0-0: Called Strike
0-1: Foul Ball, location: 2F
0-2: Strikes out swinging
Batting: LHB Jeffrey Satterley 0-0: Swinging Strike
0-1: Swinging Strike
0-2: Strikes out swinging
Batting: RHB Jim Tracy 0-0: Called Strike
0-1: Foul Ball, location: 2F
0-2: Ball
1-2: Ball
2-2: Ball
3-2: Base on Balls
Batting: RHB Gilberto López 0-0: Ball
1-0: Called Strike
1-1: Fly out, F8 (Flyball, 8LXD)
Top of the 3rd over - 2 run(s), 2 hit(s), 0 error(s), 1 left on base; Lansing 2 - Las Vegas 0
BOTTOM OF THE 3RD
Las Vegas Stars batting - Pitching for Lansing Lugnuts : LHP Steve Haynes
Batting: RHB Cole Bradley 0-0: Ground out 5-3 (Groundball, 56)
Batting: RHB Orlando García 0-0: Fly out, F8 (Flyball, 8LD)
Batting: RHB Ron Shelton 0-0: Ball
1-0: Called Strike
1-1: Foul Ball, location: 2F
1-2: Ball
2-2: Foul Ball, location: 2F
2-2: Foul Ball, location: 2F
2-2: Foul Ball, location: 2F
2-2: Ball
3-2: Fly out, F9 (Flyball, 89M)
Bottom of the 3rd over - 0 run(s), 0 hit(s), 0 error(s), 0 left on base; Lansing 2 - Las Vegas 0
TOP OF THE 4TH
Lansing Lugnuts batting - Pitching for Las Vegas Stars : RHP Tim Harmon
Batting: RHB Júlio Caraballo 0-0: Called Strike
0-1: Ball
1-1: Foul Ball, location: 2F
1-2: Foul Ball, location: 2F
1-2: Fly out, F8 (Flyball, 8LXD)
Batting: RHB Taki Chikafuji 0-0: Foul Ball, location: 2F
0-1: Foul Ball, location: 2F
0-2: Ball
1-2: Strikes out swinging
Batting: LHB Raúl Acevedo 0-0: Ball
1-0: Fly out, F8 (Line Drive, 78D)
Top of the 4th over - 0 run(s), 0 hit(s), 0 error(s), 0 left on base; Lansing 2 - Las Vegas 0
BOTTOM OF THE 4TH
Las Vegas Stars batting - Pitching for Lansing Lugnuts : LHP Steve Haynes
Batting: RHB Jeremy Atkins 0-0: Ball
1-0: Ball
2-0: Foul Ball, location: 2F
2-1: Ball
3-1: Ground out 5-3 (Groundball, 5)
Batting: LHB Evan Slootweg 0-0: Ball
1-0: Foul Ball, location: 2F
1-1: Foul Ball, location: 2F
1-2: Foul Ball, location: 2F
1-2: Ball
2-2: Foul Ball, location: 2F
2-2: Fly out, F6 (Line Drive, 6)
Batting: SHB Santiago Farías 0-0: Called Strike
0-1: Ball
1-1: Ball
2-1: Ball
3-1: Base on Balls
Batting: LHB Eliot Helen 0-0: Ground out 4-3 (Groundball, 4)
Bottom of the 4th over - 0 run(s), 0 hit(s), 0 error(s), 1 left on base; Lansing 2 - Las Vegas 0
TOP OF THE 5TH
Lansing Lugnuts batting - Pitching for Las Vegas Stars : RHP Tim Harmon
Batting: RHB Rafael González 0-0: Ball
1-0: Ball
2-0: Called Strike
2-1: SINGLE (Line Drive, 7LS)
Batting: RHB Yasuoka Tanaka 0-0: Ball
1-0: Ball
2-0: Foul Ball, location: 2F
2-1: Ball
3-1: Base on Balls
Rafael González to second
Batting: RHB Gordon Langley 0-0: Called Strike
0-1: Called Strike
0-2: Foul Ball, location: 2F
0-2: Hit by Pitch
Rafael González to third
Yasuoka Tanaka to second
Batting: LHB Jeffrey Satterley 0-0: Grounds into fielders choice 6-2 (Groundball, 6)
Yasuoka Tanaka to third
Gordon Langley to second
Batting: RHB Jim Tracy 0-0: Swinging Strike
0-1: Swinging Strike
0-2: Ball
1-2: Strikes out swinging
Batting: RHB Gilberto López 0-0: Called Strike
0-1: Ball
1-1: Ball
2-1: Foul Ball, location: 2F
2-2: Ball
3-2: Base on Balls
Yasuoka Tanaka scores
Gordon Langley to third
Jeffrey Satterley to second
Batting: RHB Júlio Caraballo 0-0: Ball
1-0: Called Strike
1-1: Ball
2-1: Ball
3-1: Fly out, F8 (Line Drive, 8LD)
Top of the 5th over - 1 run(s), 1 hit(s), 0 error(s), 3 left on base; Lansing 3 - Las Vegas 0
BOTTOM OF THE 5TH
Las Vegas Stars batting - Pitching for Lansing Lugnuts : LHP Steve Haynes
Batting: LHB Juan Cabañas 0-0: Ball
1-0: Foul Ball, location: 2F
1-1: Ball
2-1: Foul Ball, location: 2F
2-2: Fly out, F7 (Flyball, 78D)
Batting: RHB Tae-kwon Kwon 0-0: Ball
1-0: Foul Ball, location: 2F
1-1: Ground out 4-3 (Groundball, 4)
Batting: RHB Cole Bradley 0-0: Ball
1-0: Foul Ball, location: 2F
1-1: Fly out, F8 (Flyball, 8LM)
Bottom of the 5th over - 0 run(s), 0 hit(s), 0 error(s), 0 left on base; Lansing 3 - Las Vegas 0
TOP OF THE 6TH
Lansing Lugnuts batting - Pitching for Las Vegas Stars : RHP Tim Harmon
Batting: RHB Taki Chikafuji 0-0: Ball
1-0: Ball
2-0: Ball
3-0: Called Strike
3-1: Fly out, F9 (Flyball, 9M)
Batting: LHB Raúl Acevedo 0-0: Ball
1-0: Called Strike
1-1: Called Strike
1-2: Ball
2-2: Foul Ball, location: 2F
2-2: Strikes out swinging
Batting: RHB Rafael González 0-0: Ball
1-0: Ball
2-0: SINGLE (Line Drive, 9S)
Pitching: LHP Jerry Burgess
Batting: RHB Yasuoka Tanaka 0-0: Ball
1-0: Ball
2-0: Ball
3-0: Base on Balls
Rafael González to second
Batting: RHB Gordon Langley 0-0: Ball
1-0: Ball
2-0: Ball
3-0: Base on Balls
Rafael González to third
Yasuoka Tanaka to second
Batting: LHB Jeffrey Satterley 0-0: Foul Ball, location: 2F
0-1: Ball
1-1: Swinging Strike
1-2: Ball
2-2: Strikes out swinging
Top of the 6th over - 0 run(s), 1 hit(s), 0 error(s), 3 left on base; Lansing 3 - Las Vegas 0
BOTTOM OF THE 6TH
Las Vegas Stars batting - Pitching for Lansing Lugnuts : LHP Steve Haynes
Batting: RHB Orlando García 0-0: SINGLE (Line Drive, 6D)
Batting: RHB Ron Shelton 0-0: Ball
1-0: Ball
2-0: Fly out, F7 (Flyball, 7M)
Batting: RHB Jeremy Atkins 0-0: Called Strike
0-1: Ball
1-1: Foul Ball, location: 2F
1-2: Ball
2-2: Foul Ball, location: 2F
2-2: Ball
3-2: Grounds into double play, U6-3 (Groundball, 6M)
Bottom of the 6th over - 0 run(s), 1 hit(s), 0 error(s), 0 left on base; Lansing 3 - Las Vegas 0
TOP OF THE 7TH
Lansing Lugnuts batting - Pitching for Las Vegas Stars : LHP Jerry Burgess
Batting: RHB Jim Tracy 0-0: Ball
1-0: Foul Ball, location: 2F
1-1: Foul Ball, location: 2F
1-2: Foul Ball, location: 2F
1-2: Foul Ball, location: 2F
1-2: Hit by Pitch
Batting: RHB Gilberto López 0-0: Ball
1-0: Ball
2-0: Called Strike
2-1: Ball
3-1: Base on Balls
Jim Tracy to second
Batting: RHB Júlio Caraballo 0-0: SINGLE (Groundball, 56D)
Jim Tracy to third
Gilberto López to second
Runner from 3rd tries for Home, SAFE, throw made home
Batting: RHB Taki Chikafuji 0-0: Ball
1-0: Fielders Choice at 2nd, 6-4 (Groundball, 6)
Gilberto López to third
Batting: LHB Raúl Acevedo 0-0: Ground out U3 (Groundball, 3S)
Gilberto López scores
Taki Chikafuji to second
Batting: RHB Rafael González 0-0: Called Strike
0-1: Foul Ball, location: 2F
0-2: Ground out 6-3 (Groundball, 6M)
Top of the 7th over - 2 run(s), 1 hit(s), 0 error(s), 1 left on base; Lansing 5 - Las Vegas 0
BOTTOM OF THE 7TH
Las Vegas Stars batting - Pitching for Lansing Lugnuts : LHP Steve Haynes
Batting: LHB Evan Slootweg 0-0: Foul Ball, location: 2F
0-1: Ball
1-1: Called Strike
1-2: Ball
2-2: Ball
3-2: DOUBLE (Flyball, 9D)
Batting: SHB Santiago Farías 0-0: Called Strike
0-1: Ball
1-1: Ball
2-1: Called Strike
2-2: Ball
3-2: Base on Balls
Batting: LHB Eliot Helen 0-0: Ball
1-0: Foul Ball, location: 2F
1-1: Ball
2-1: Ball
3-1: Foul Ball, location: 2F
3-2: Foul Ball, location: 2F
3-2: Base on Balls
Evan Slootweg to third
Santiago Farías to second
Batting: LHB Juan Cabañas 0-0: Called Strike
0-1: Ball
1-1: Foul Ball, location: 2F
1-2: Ball
2-2: Ball
3-2: Strikes out looking
Pitching: RHP Aaron Abrams
Batting: RHB Tae-kwon Kwon 0-0: Ball
1-0: Ball
2-0: Called Strike
2-1: Fly out, F9 (Flyball, 89M)
Runner from 3rd tags up, SCORES, throw made
Batting: RHB Cole Bradley 0-0: Called Strike
0-1: Fly out, F7 (Flyball, 7S)
Bottom of the 7th over - 1 run(s), 1 hit(s), 0 error(s), 2 left on base; Lansing 5 - Las Vegas 1
TOP OF THE 8TH
Lansing Lugnuts batting - Pitching for Las Vegas Stars : LHP Jerry Burgess
Batting: RHB Yasuoka Tanaka 0-0: Called Strike
0-1: SINGLE (Groundball, 56D)
Batting: RHB Gordon Langley 0-0: Ball
1-0: DOUBLE (Line Drive, 5D)
Yasuoka Tanaka to third
Batting: LHB Jeffrey Satterley 0-0: Foul Ball, location: 2F
0-1: Ball
1-1: Ball
2-1: Called Strike
2-2: Foul Ball, location: 2F
2-2: Ball
3-2: SINGLE (Groundball, 4MD)
Yasuoka Tanaka scores
Gordon Langley to third
Batting: RHB Jim Tracy 0-0: Ball
1-0: Called Strike
1-1: Ball
2-1: Foul Ball, location: 2F
2-2: Foul Ball, location: 2F
2-2: Ball
3-2: Foul Ball, location: 2F
3-2: SINGLE (Popup, 6MD)
Gordon Langley scores
Jeffrey Satterley to second
Jeffrey Satterley to third
Pitching: RHP Bryan Avery
Batting: RHB Gilberto López 0-0: Called Strike
0-1: Ball
1-1: Foul Ball, location: 2F
1-2: SINGLE (Groundball, 56D)
Jeffrey Satterley scores
Jim Tracy to second
Batting: RHB Júlio Caraballo 0-0: Called Strike
0-1: Ball
1-1: Grounds into double play, 4-6-3 (Groundball, 4)
Jim Tracy to third
Batting: RHB Taki Chikafuji 0-0: Ball
1-0: Called Strike
1-1: Ball
2-1: Swinging Strike
2-2: Foul Ball, location: 2F
2-2: Fly out, F8 (Popup, 8LS)
Top of the 8th over - 3 run(s), 5 hit(s), 0 error(s), 1 left on base; Lansing 8 - Las Vegas 1
BOTTOM OF THE 8TH
Las Vegas Stars batting - Pitching for Lansing Lugnuts : RHP Aaron Abrams
Batting: RHB Orlando García 0-0: Ground out 6-3 (Groundball, 6)
Pinch Hitting: RHB Bill McGrath 0-0: Ball
1-0: Ball
2-0: Swinging Strike
2-1: Swinging Strike
2-2: Strikes out looking
Batting: RHB Jeremy Atkins 0-0: Ball
1-0: Ball
2-0: Ball
3-0: Base on Balls
Batting: LHB Evan Slootweg 0-0: Called Strike
0-1: Foul Ball, location: 2F
0-2: Strikes out swinging
Bottom of the 8th over - 0 run(s), 0 hit(s), 0 error(s), 1 left on base; Lansing 8 - Las Vegas 1
TOP OF THE 9TH
Lansing Lugnuts batting - Pitching for Las Vegas Stars : RHP Bryan Avery
Now at 1B: Vicente Salgado
Batting: LHB Raúl Acevedo 0-0: Ball
1-0: Foul Ball, location: 2F
1-1: Foul Ball, location: 2F
1-2: Strikes out swinging
Batting: RHB Rafael González 0-0: Swinging Strike
0-1: Foul Ball, location: 2F
0-2: Ball
1-2: SINGLE (Groundball, 56D)
Batting: RHB Yasuoka Tanaka 0-0: Ground out 5-3 (Groundball, 56S)
Rafael González to second
Batting: RHB Gordon Langley 0-0: Called Strike
0-1: Foul Ball, location: 2F
0-2: Ball
1-2: Ball
2-2: Ball
3-2: SINGLE (Popup, 4D)
Rafael González to third
Rafael González scores
Batting: LHB Jeffrey Satterley 0-0: Swinging Strike
0-1: Foul Ball, location: 2F
0-2: Ball
1-2: Strikes out looking
Top of the 9th over - 1 run(s), 2 hit(s), 0 error(s), 1 left on base; Lansing 9 - Las Vegas 1
BOTTOM OF THE 9TH
Las Vegas Stars batting - Pitching for Lansing Lugnuts : RHP Aaron Abrams
Batting: SHB Santiago Farías 0-0: Called Strike
0-1: Ground out 1-3 (Groundball, 25)
Pitching: RHP José Romano
Batting: LHB Eliot Helen 0-0: Ball
1-0: Ball
2-0: DOUBLE (Line Drive, 8RM)
Batting: LHB Juan Cabañas 0-0: Ball
1-0: Foul Ball, location: 2F
1-1: Ground out 1-3 (Groundball, 15)
Batting: RHB Tae-kwon Kwon 0-0: Swinging Strike
0-1: Ball
1-1: Foul Ball, location: 2F
1-2: Ball
2-2: Ground out 5-3 (Groundball, 56)
Bottom of the 9th over - 0 run(s), 1 hit(s), 0 error(s), 1 left on base; Lansing 9 - Las Vegas 1
This league is powered by Out of the Park Baseball, the baseball management simulation game for PC, Mac and Linux
Wednesday, December 2nd, 2015 - OOTP Baseball 16.8 Build 38